 Dungeon Crawl Stone Soup version 0.29-a0-194-g6e3aafee17 (webtiles) character file.

Game seed: 13399110570734961814

56 tombaugh the Grave Robber (level 3, -1/21 HPs)
             Began as a Mummy Necromancer on Feb 23, 2022.
             Was a Believer of Hepliaklqana.
             Shot with an arrow by a centaur (13 damage)
             ... on level 3 of the Dungeon.
             The game lasted 00:20:15 (3324 turns).

tombaugh the Grave Robber (Mummy Necromancer)       Turns: 3324, Time: 00:20:16

Health: -1/21      AC:  3    Str: 11    XL:     3   Next: 71%
Magic:  3/7        EV: 11    Int: 16    God:    Hepliaklqana [**....]
Gold:   75         SH:  0    Dex: 12    Spells: 6/7 levels left

rFire   . . .      SeeInvis .   c - +0 short sword (speed)
rCold   + . .      Faith    .   (no shield)
rNeg    + + +      Spirit   .   j - +0 leather armour
rPois   ∞          Reflect  .   (no helmet)
rElec   .          Harm     .   (no cloak)
rCorr   .          Rampage  .   (no gloves)
Will    .....                   (no boots)
Stlth   +.........              (no amulet)
HPRegen 0.07/turn               t - ring of protection from fire
MPRegen 0.10/turn               (no ring)

@: no status effects
A: reduced essence, cold resistance 1, negative energy resistance 3, torment
resistance 2, heat vulnerability 1, no potions
a: Renounce Religion, Ancestor Life: Knight, Ancestor Life: Battlemage, Ancestor
Life: Hexer, Recall Ancestor, Ancestor Identity


You were on level 3 of the Dungeon.
You worshipped Hepliaklqana.
Hepliaklqana was pleased with you.
You visited 1 branch of the dungeon, and saw 3 of its levels.

You collected 75 gold pieces.

Inventory:

Hand Weapons
 b - a +0 mace
 c - a +0 short sword of speed (weapon)
 e - a +0 dagger
 f - a +0 short sword
 g - a +0 short sword
 i - a +0 spear
 o - a +0 whip
 r - a +0 club
 u - a +0 club
 v - a +0 club
 w - a +0 dagger
 x - a +0 long sword
Missiles
 n - 4 poisoned darts
 p - 5 stones
Armour
 a - a +0 robe
 j - a +0 leather armour (worn)
 q - a +0 leather armour
Jewellery
 t - a ring of protection from fire (left hand)
Scrolls
 d - 4 scrolls of immolation {unknown}
 k - 2 scrolls of identify {unknown}
 l - 2 scrolls of blinking {unknown}
 m - a scroll of amnesia {unknown}
Potions
 h - a potion of brilliance {unknown}
 s - a potion of lignification {unknown}


   Skills:
 - Level 1.5 Dodging
 - Level 1.6 Stealth
 - Level 2.8 Spellcasting
 + Level 5.3 Necromancy


You had 6 spell levels left.
You knew the following spells:

 Your Spells              Type           Power      Damage    Failure   Level
a - Pain                  Necr           76%        1d7       2%          1

Your spell library contained the following spells:

 Spells                   Type           Power      Damage    Failure   Level
 Animate Skeleton         Necr           38%        N/A       2%          1
 Vampiric Draining        Necr           19%        2d7       9%          3
 Apportation              Tloc           4%         N/A       26%         1
 Summon Small Mammal      Summ           8%         N/A       26%         1
 Animate Dead             Necr           9%         N/A       26%         4
 Agony                    Necr           19%        N/A       58%         5


Dungeon Overview and Level Annotations

Branches:
Dungeon (3/15)

Altars:
Hepliaklqana


Innate Abilities, Weirdness & Mutations

Your life essence is reduced to manifest your ancestor. (-10% HP)
You are immune to poison.
Your flesh is cold resistant. (rC+)
You are immune to negative energy. (rN+++)
You are immune to unholy pain and torment.
You are vulnerable to heat. (rF-)
You do not drink.


Message History

Found a stone staircase leading down.
There is a stone staircase leading down here.
You see here a dart slug corpse.
There is a stone staircase leading down here.
You climb downwards.
You may now remember your ancestor's life.
There is a stone staircase leading up here.
An adder, a rat and a centaur come into view.
The adder hisses angrily.
The centaur shouts!
The centaur wields a +2 vorpal shortbow.
The centaur shoots an arrow.
The arrow closely misses you.
Aiming: Pain (safe; 3% risk of failure)
Press: ? - help, Q - select action, (/) - cycle Shift-Dir - straight line
Okay, then.
The centaur shoots an arrow.
The arrow closely misses you.
Aiming: Pain (safe; 3% risk of failure)
Press: ? - help, Q - select action, (/) - cycle Shift-Dir - straight line, f - adder
Aim: an adder (chance to affect: 84%)
The adder writhes in agony.
The adder closely misses you. The adder bites you.
Aiming: Pain (safe; 3% risk of failure)
Press: ? - help, Q - select action, (/) - cycle Shift-Dir - straight line, f/p - adder
Aim: an adder (lightly wounded, chance to affect: 84%)
The adder writhes in agony!
The adder bites you but does no damage.
Aiming: Pain (safe; 3% risk of failure)
Press: ? - help, Q - select action, (/) - cycle Shift-Dir - straight line, f/p - adder
Aim: an adder (almost dead, chance to affect: 84%)
The adder writhes in agony.
You kill the adder!
The centaur shoots an arrow.
The arrow barely misses you.
Aiming: Pain (safe; 2% risk of failure)
Press: ? - help, Q - select action, (/) - cycle Shift-Dir - straight line, f - centaur
Aim: a centaur, wielding a +2 vorpal shortbow (chance to affect: 78%)
The centaur writhes in agony.
The centaur shoots an arrow.
The arrow hits you!
The centaur shoots an arrow.
The arrow hits you!
Ouch! That really hurt!
You die...

#.r.#..# #..c#..#
...#..# .S#..# #.#..#
#.#.c# #....#
#######c# #....@†.#
##.##################
#.####.............#
#....#.###########.#
####.#.#.. ..# #.#
#......#.###.# #.#
#.##.###.#.#.# #.# #
#........#.#####.#
.....##.#.#.......#


You could see a centaur.

Vanquished Creatures
  3 adders
  2 dart slugs (D:2)
  An endoplasm (D:2)
  A giant cockroach (D:1)
  6 hobgoblins (D:2)
  5 kobolds
  2 ball pythons (D:2)
  3 bats (D:1)
  A rat (D:1)
24 creatures vanquished.

Vanquished Creatures (others)
  2 ancestors (D:2)
2 creatures vanquished.

Grand Total: 26 creatures vanquished

Notes
Turn   | Place    | Note
-------+----------+-------------------------------------------
     0 | D:1      | tombaugh the Mummy Necromancer began the quest for the Orb.
     0 | D:1      | Reached XP level 1. HP: 13/13 MP: 4/4
   817 | D:1      | Found a faded altar of an unknown god.
   827 | D:1      | Prayed at the altar of an unknown god.
   827 | D:1      | Became a worshipper of Hepliaklqana the Forgotten
   827 | D:1      | Reached * piety under Hepliaklqana
   960 | D:1      | Reached XP level 2. HP: 17/17 MP: 3/5
  2802 | D:2      | Reached skill level 5 in Necromancy
  2802 | D:2      | Reached XP level 3. HP: 20/21 MP: 4/7
  3250 | D:3      | Reached ** piety under Hepliaklqana
  3313 | D:3      | Noticed a centaur
  3324 | D:3      | Shot with an arrow by a centaur

Illustrated notes

Levels and vault maps discovered:
D:1:      roderic_chinese_lattice_arrival, layout_basic,
          shapermc_ecumenical_altar_mp_vishouse, hangedman_decor_points,
          hangedman_decor_clover_reticule
D:2:      layout_basic, kennysheep_generic_room_12, uniq_crazy_yiuf_cottage
D:3:      layout_basic, led_xom_imps, serial_rivers,
          chequers_serial_rivers_room_a, chequers_serial_rivers_micro_e,
          chequers_serial_rivers_large_a, chequers_serial_rivers_small_3,
          uniq_robin, uniq_ijyb

Skill      XL: |  1  2 |
---------------+-------+-----
Necromancy     | 5 |  5.3
Dodging        | |  1.5
Stealth        | |  1.6
Spellcasting   | |  2.8

Action                   || total
-------------------------++-------
Melee: Short sword       ||     8
Throw: Dart              ||     4
 Cast: Pain              ||    40
Armor: Robe              ||     7
       Leather armour    ||     4
Dodge: Dodged            ||    16

Table legend: (Time is in decaauts)
 A = Elapsed time spent in this place.
 B = Non-inter-level travel time spent in this place.
 C = Inter-level travel time spent in this place.
 D = Time resting spent in this place.
 E = Time spent auto-exploring this place.
 F = Levels seen in this place.
 G = Mean time per level.
                   A        B        C        D        E       F      G
               +--------+--------+--------+--------+--------+-----+--------+
         Total |   3320 |   3313 |      7 |   1966 |    160 |   3 | 1106.7 |
       Dungeon |   3320 |   3313 |      7 |   1966 |    160 |   3 | 1106.7 |
               +--------+--------+--------+--------+--------+-----+--------+

Top non-repeatable levels by time:
     D:1: 1841 daAuts
     D:2: 1404 daAuts
     D:3: 73 daAuts
